Map: Void Launch

Players

Novawolfol

  • Race: Zerg Zerg
  • League: Gold
  • Spawn Location: 6:00

NamroodTuo

  • Race: Terran Terran
  • Spawn Location: 6:00

VOD

Have the link to the VOD?

Description

Time

  • Played on: Feb. 21, 2023, 8:18 a.m.
  • Length: 25:02
Show
View Real Time Build Order
Export as new Build Order

Novawolfol Zerg 

Build Orders:  

Get SALT Encoding   

  12  0:04  Drone  
  13  0:18  Overlord  
  13  0:25  Drone  
  14  0:44  Drone x2  
  14  0:48  Drone  
  17  1:06  Spawning Pool  
  16  1:11  Drone  
  16  1:18  Extractor  
  16  1:19  Drone  
  17  1:37  Drone  
  17  1:38  Queen  
  20  1:48  Overlord  
  20  2:03  Drone  
  21  2:24  Drone  
  21  2:28  Queen  
  24  2:39  Drone  
  25  2:48  Overlord  
  25  3:02  Drone  
  26  3:20  Zergling x6  
  26  3:21  Zergling x4  
  31  4:11  Drone x2  
  31  4:12  Drone  
  31  4:18  Extractor  
  33  4:21  Lair  
  33  4:57  Hatchery  
  33  4:59  Drone  
  33  5:03  Drone x3  
  33  5:07  Zergling x2, Overlord  
  33  5:08  Overlord x4  
  37  5:48  Drone  
  37  5:49  Drone x5  
  43  5:58  Queen  
  45  6:02  Hive  
  45  6:18  Hardened Carapace  
  45  6:34  Hydralisk Den  
  44  6:42  Evolution Chamber  
  44  6:45  Evolution Chamber  
  42  7:18  Metabolic Boost  
  56  7:24  Hydralisk x5  
  56  7:25  Hydralisk x2  
  56  7:27  Zerg Missile Weapons Level 1  
  56  7:41  Extractor  
  56  7:42  Drone, Extractor  
  56  7:43  Drone x3  
  58  7:52  Drone x3  
  55  8:46  Zergling x2  
  55  8:47  Zergling x18  
  55  8:48  Zergling x16  
  73  8:59  Muscular Augments  
  73  9:03  Drone x2  
  73  9:06  Drone  
  76  9:54  Drone  
  76  9:55  Drone x5  
  76  9:56  Drone x2  
  76  9:58  Drone x2  
  83  10:01  Overlord x3  
  83  10:02  Overlord  
  61  11:25  Overlord  
  61  11:26  Overlord x8  
  61  11:27  Overlord  
  69  11:30  Hydralisk x2  
  69  11:31  Hydralisk x2, Zerg Missile Weapons Level 2  
  69  11:32  Zerg Ground Armor Level 1  
  69  11:35  Adrenal Overload  
  69  11:37  Ancillary Carapace  
  69  11:41  Drone x2  
  69  11:47  Drone  
  72  12:10  Nydus Network  
  72  12:12  Drone x2  
  73  12:21  Ultralisk Cavern  
  72  12:35  Shredding Claws  
  72  12:46  Hydralisk x4  
  72  12:47  Hydralisk x4  
  72  12:48  Hydralisk x2  
  94  12:52  Hydralisk  
  94  13:02  Omega Worm  
  94  13:42  Ultralisk x2  
  94  13:46  Zergling x2  
  94  13:49  Hydralisk x2  
  121  13:50  Hydralisk x4  
  121  13:51  Hydralisk  
  121  14:03  Frenzy  
  121  14:12  Chain Reaction  
  121  14:27  Omega Worm  
  120  14:55  Ultralisk x2, Zergling x2  
  120  14:56  Zergling x14  
  120  14:57  Zergling x2  
  141  15:46  Hydralisk x3  
  141  15:47  Zerg Missile Weapons Level 3, Hydralisk x2  
  141  15:49  Ability Efficiency  
  151  15:59  Chitinous Plating  
  151  16:20  Omega Worm  
  145  16:50  Ultralisk x2  
  145  16:51  Zergling x2  
  145  16:52  Zergling x24  
  169  18:01  Ultralisk  
  169  18:02  Ultralisk  
  169  18:03  Zergling x8  
  169  18:04  Zergling x4  
  169  18:05  Hydralisk x4  
  169  18:06  Hydralisk x3  
  193  18:12  Zerg Melee Weapons Level 1  
  193  18:27  Omega Worm  
  193  18:54  Overlord  
  193  18:55  Overlord x2  
  193  19:00  Drone  
  193  19:01  Drone x2  
  188  19:52  Spore Crawler x2  
  188  19:53  Spore Crawler  
  198  20:00  Zergling x2  
  198  20:01  Hydralisk  
  198  20:02  Hydralisk x4  
  198  20:03  Hydralisk x3  
  198  20:04  Hydralisk  
  198  20:05  Hydralisk  
  199  20:16  Heroic Fortitude  
  184  20:44  Omega Worm  
  182  20:51  Zerg Ground Armor Level 2  
  182  21:09  Hydralisk x3  
  200  21:10  Hydralisk x4  
  200  21:11  Hydralisk x2  
  183  22:21  Omega Worm  
  193  22:34  Hydralisk x2  
  193  22:35  Hydralisk x3  
  193  22:36  Hydralisk x3  
  175  24:15  Hydralisk  
  175  24:16  Hydralisk x12  
  199  24:20  Omega Worm  
Show
View Real Time Build Order
Export as new Build Order

NamroodTuo Terran 

Build Orders:  

Get SALT Encoding   

  12  0:03  SCV  
  13  0:17  SCV  
  14  0:28  Supply Depot  
  14  0:38  SCV  
  15  0:51  Supply Depot  
  15  0:56  SCV  
  16  1:10  SCV  
  17  1:23  SCV  
  18  1:37  SCV  
  19  1:42  Factory  
  19  1:50  SCV  
  20  2:04  SCV  
  20  2:09  Refinery  
  21  2:13  Refinery  
  21  2:18  SCV  
  22  2:31  SCV  
  23  2:43  Engineering Bay  
  23  2:45  SCV  
  24  3:12  Perdition Turret  
  24  3:23  Perdition Turret  
  24  3:36  Perdition Turret  
  24  3:39  Perdition Turret  
  24  3:52  Perdition Turret  
  24  4:04  Perdition Turret  
  24  4:08  Devastation Turret  
  24  4:30  Armory  
  24  4:45  Fire-Suppression Systems  
  24  4:57  Factory Tech Reactor  
  24  5:01  SCV  
  24  5:07  Upgrade Laser Drill Level 1  
  25  5:27  Spinning Dizzy  
  25  5:45  KMC Auto-Loaders  
  25  6:02  Devastation Turret  
  25  6:05  SCV  
  26  6:19  SCV  
  27  6:30  Supply Depot  
  27  6:33  SCV  
  27  6:39  Supply Depot  
  28  6:53  SCV  
  29  7:06  SCV  
  30  7:20  SCV  
  31  7:38  Spinning Dizzy  
  31  7:39  Spinning Dizzy  
  31  7:40  Spinning Dizzy  
  31  7:41  Spinning Dizzy, SCV  
  32  7:54  SCV  
  33  8:06  Perdition Turret  
  33  8:08  SCV  
  34  8:10  Perdition Turret  
  34  8:12  Perdition Turret  
  34  8:48  Perdition Turret  
  34  8:54  Command Center  
  34  9:13  Thor  
  40  9:24  Upgrade Laser Drill Level 2  
  40  9:37  Supply Depot  
  40  9:56  330mm Barrage Cannon  
  40  10:20  Advanced Optics  
  40  10:34  Supply Depot  
  40  11:03  Spinning Dizzy  
  40  11:16  Spinning Dizzy  
  40  11:25  Perdition Turret  
  40  11:26  Perdition Turret x2  
  40  11:31  SCV  
  41  11:40  Refinery  
  41  11:45  SCV  
  41  11:46  SCV  
  41  11:47  Refinery  
  43  11:59  SCV  
  44  12:00  SCV  
  45  12:12  SCV  
  45  12:13  SCV  
  47  12:20  Regenerative Bio-Steel  
  47  12:25  Starport  
  47  12:26  SCV  
  47  12:27  SCV  
  47  12:28  Starport x2  
  49  12:33  Thor  
  55  12:40  SCV  
  56  13:03  Starport Tech Reactor  
  56  13:14  Starport Tech Reactor  
  56  13:23  Wraith  
  58  13:32  Science Vessel  
  58  13:33  Science Vessel  
  62  13:45  Wraith  
  64  13:50  Terran Vehicle and Ship Weapons Level 1  
  64  14:03  Wraith  
  66  14:20  Science Vessel  
  66  14:21  Wraith  
  70  14:31  Wraith, Science Vessel  
  70  14:37  SCV  
  75  14:43  Wraith  
  75  14:47  Supply Depot  
  71  14:50  SCV  
  72  15:01  Science Vessel  
  72  15:03  Supply Depot  
  72  15:04  SCV  
  72  15:08  Wraith  
  77  15:11  Wraith  
  77  15:17  SCV, Supply Depot  
  77  15:18  Supply Depot  
  77  15:19  Wraith  
  82  15:56  Wraith x4  
  82  15:59  Wraith  
  92  16:12  Supply Depot  
  92  16:14  Supply Depot x2  
  92  16:19  Pulse Amplifier  
  92  16:23  Displacement Field  
  92  16:30  Terran Vehicle And Ship Armor Level 1  
  92  16:35  Supply Depot  
  92  16:36  Wraith x3  
  94  17:16  Wraith x5  
  102  17:55  Wraith  
  102  17:56  Wraith x4  
  112  18:00  Hi-Sec Auto Tracking  
  112  18:15  Devastation Turret  
  112  18:35  Wraith  
  114  19:00  Structure Armor  
  114  19:10  Terran Vehicle and Ship Weapons Level 2  
  114  19:58  Supply Depot  
  114  20:00  Supply Depot  
  114  20:02  Thor x2  
  114  20:04  Supply Depot  
  126  20:21  Supply Depot  
  126  20:50  Thor x2  
  132  21:41  Wraith  
  132  21:42  Wraith x4  
  134  22:21  Wraith  
  134  22:22  Wraith x4  
  144  23:01  Wraith  
  144  23:02  Wraith x4  
  154  23:16  SCV  
  155  23:30  SCV  
  156  23:41  Wraith  
  156  23:42  Wraith x4  
  156  23:44  SCV  
  167  23:57  SCV  
  168  24:21  Wraith  
  168  24:22  Wraith x2  
Tags
 
Commander
KerriganSwann
League
Gold
Matchup
Co-op
Replay Pack
Multiplayer
Add a new tag
Caveats
  • Supply blocks, unpowered buildings, or Contaminate may cause inaccurate times.
  • Supply counts are checked every 10 seconds.